 Dungeon Crawl Stone Soup version 0.31-a0-167-g1c394c0614 (webtiles) character file.

Game seed: 8454926879310938725

107 qw the Shooter (level 4, 0/28 HPs)
             Began as a Gargoyle Hunter on June 14, 2023.
             Killed from afar by Ijyb (12 damage)
             ... with a puff of flame
             ... on level 3 of the Dungeon.
             The game lasted 00:00:44 (1670 turns).

qw the Shooter (Gargoyle Hunter)                    Turns: 1670, Time: 00:00:44

Health: 0/28       AC: 13    Str: 14    XL:     4   Next: 85%
Magic:  4/4        EV: 10    Int: 10    God:
Gold:   169        SH:  0    Dex: 15    Spells: 3/3 levels left

rFire   . . .        Y - +0 shortbow
rCold   . . .        (shield currently unavailable)
rNeg    + . .        e - +0 ring mail
rPois   inf          (no helmet)
rElec   +            (no cloak)
rCorr   .            (no gloves)
SInv    .            d - +0 pair of boots
Will    .....        (no amulet)
Stlth   +            f - +4 ring of protection
HPRegen 0.24/turn    (no ring)
MPRegen 0.09/turn

%: no passive effects
@: no status effects
A: sickness immunity, AC +3, negative energy resistance 1, electricity
resistance, torment resistance 1, petrification resistance
a: no special abilities


You were on level 3 of the Dungeon.
You visited 1 branch of the dungeon, and saw 3 of its levels.

You collected 213 gold pieces.
You spent 44 gold pieces at shops.


Innate Abilities, Weirdness & Mutations

You are immune to sickness and miasma.
Your stone body is resilient. (AC +3)
You are immune to poison.
You resist negative energy. (rN+)
You are resistant to electric shocks. (rElec)
You are resistant to unholy torment.
You are immune to petrification.


   Skills:
 - Level 3.0 Fighting
 + Level 5.5 Ranged Weapons
 - Level 1.0 Armour
 - Level 1.5 Dodging
 - Level 1.1 Stealth


You had 3 spell levels left.
You didn't know any spells.
Your spell library was empty.

Inventory:

Hand Weapons
 Y - a +0 shortbow (weapon)
Armour
 d - a +0 pair of boots (worn)
 e - a +0 ring mail (worn)
Jewellery
 f - a +4 ring of protection (left hand)
Scrolls
 h - 3 scrolls of identify
 j - a scroll of fear {unknown}
Potions
 a - 3 potions of curing
 b - a potion of brilliance {unknown}
 c - a potion of invisibility {unknown}
 g - a potion of lignification
 i - a potion of attraction {unknown}

Dungeon Overview and Level Annotations

Branches:
Dungeon (3/15)

Altars:

Shops:
D:1 ?=*

Annotations:
D:3 Ijyb


Message History

Ijyb zaps a wand.
The puff of flame hits you!
Ijyb zaps a wand.
The puff of flame misses you.
1648 ||| FLEEEEING.
1649 ||| FLEEEEING.
Enter note:
Enter note:
Enter note:
Enter note:
Enter note:
Enter note:
Enter note:
Enter note:
Enter note:
Enter note:
Enter note:
Enter note:
Enter note:
Enter note:
Enter note:
Enter note:
1655 ||| FLEEEEING.
1656 ||| FLEEEEING.
1657 ||| FLEEEEING.
1658 ||| FLEEEEING.
Ijyb zaps a wand.
The puff of flame hits you.
1659 ||| FLEEEEING.
1660 ||| FLEEEEING.
1661 ||| FLEEEEING.
You start resting.
Ijyb is nearby!
You shoot an arrow. The arrow hits Ijyb.
Ijyb is moderately wounded.
You shoot an arrow. The arrow barely misses Ijyb.
Ijyb screams, "Level is mine!
All mine!"
Ijyb zaps a wand.
The puff of flame hits you!
You shoot an arrow. The arrow hits Ijyb.
Ijyb is moderately wounded.
You shoot an arrow. The arrow closely misses Ijyb.
Ijyb zaps a wand.
The puff of flame hits you!
You die...

############# #.....g.....+
....).......####...........# ####
######........##...........# #...
..............##...........# #...
...##.........##...........# #...
.#.##..........#.#'###########...
......#######.##.#...............
.#.##.####.....#g#############...
.#.##<#.....#..#@# #...
.#.##...#####..#+## #...
##.##.......#.....###### ####
...##[#..##.#..........#
#####.#..##.#.....####.#
#.#..##.#.....# #.######
#.#...#.#..#### #......#
#.#.#.#.#..# #......#
#####.#.#.#....#### #......###


You could see Ijyb.

Vanquished Creatures
  Jessica (D:3)
  2 adders (D:2)
  A worm (D:2)
  2 dart slugs
  5 orcs
  3 ball pythons
  An endoplasm (D:1)
  2 giant cockroaches
  5 goblins
  7 hobgoblins
  6 jackals (D:2)
  2 quokkas
  2 bats
  2 kobolds
  6 rats
47 creatures vanquished.

Notes
Turn   | Place    | Note
-------+----------+-------------------------------------------
     0 | D:1      | qw the Gargoyle Hunter began the quest for the Orb.
     0 | D:1      | Reached XP level 1. HP: 12/12 MP: 1/1
     0 | D:1      | 0 ||| qw: Version: 0.2-a-29-g1fa15c8
     0 | D:1      | 0 ||| qw: Game counter: 5154
     0 | D:1      | 0 ||| qw: Always use a shield: true
     0 | D:1      | 0 ||| qw: God list: Okawaru
     0 | D:1      | 0 ||| qw: Allow faded altars: false
     0 | D:1      | 0 ||| qw: Do Orc after D:15 true
     0 | D:1      | 0 ||| qw: Do second Lair branch before Depths: true
     0 | D:1      | 0 ||| qw: Lair rune preference: random
     0 | D:1      | 0 ||| qw: Plans: Normal, Zot:1-4, Slime:5, God:TSO, Crypt,
                  | Tomb, Abyss, Pan, Hells, Win
     0 | D:1      | 0 ||| PLANNING D:1-11
   129 | D:1      | Found Koedoos's General Store.
   138 | D:1      | 138 ||| SHOPLISTING +0 pair of boots (63 gold, have 41).
   138 | D:1      | 138 ||| SHOPLISTING +0 ring mail (56 gold, have 41).
   138 | D:1      | 138 ||| SHOPLISTING -2 hat of the Alchemist {rElec rPois
                  | rF+ rC+ rN+ Will+ rMut rCorr} (660 gold, have 41).
   204 | D:1      | Reached XP level 2. HP: 17/17 MP: 2/2
   277 | D:1      | Found Fiesayth's Jewellery Shoppe.
   285 | D:1      | 285 ||| SHOPLISTING +4 ring of protection (432 gold, have
                  | 58).
   285 | D:1      | 285 ||| SHOPLISTING +4 ring of slaying (936 gold, have 58).
   285 | D:1      | 285 ||| SHOPLISTING +5 ring of evasion (432 gold, have 58).
   285 | D:1      | 285 ||| SHOPLISTING amulet of faith (480 gold, have 58).
   285 | D:1      | 285 ||| SHOPLISTING amulet of reflection (360 gold, have
                  | 58).
   285 | D:1      | 285 ||| SHOPLISTING ring of Ukhlaxiepn {rF+ Will+ Dex+3
                  | SInv} (490 gold, have 58).
   335 | D:1      | Found a faded altar of an unknown god.
   473 | D:1      | Found Tuuciug's Magic Scroll Boutique.
   482 | D:1      | 482 ||| SHOPLISTING scroll of enchant weapon (82 gold, have
                  | 58).
   482 | D:1      | 482 ||| BUYING scroll of identify (22 gold).
   482 | D:1      | Bought a scroll of identify for 22 gold pieces
   482 | D:1      | 482 ||| BUYING scroll of identify (22 gold).
   482 | D:1      | Bought a scroll of identify for 22 gold pieces
   482 | D:1      | 482 ||| SHOPLISTING scroll of identify (22 gold, have 14).
   482 | D:1      | 482 ||| SHOPLISTING scroll of teleportation (33 gold, have
                  | 14).
   484 | D:1      | 484 ||| UPGRADING to +0 ring mail.
   494 | D:1      | 494 ||| DROPPING +0 leather armour.
   495 | D:1      | 495 ||| READING scroll labelled OPONIAW WEDIHO.
   496 | D:1      | 496 ||| READING scroll labelled ROGGOA MIJERU.
   497 | D:1      | 497 ||| READING 2 scrolls of identify.
   497 | D:1      | 497 ||| IDENTIFYING sedimented red potion
   498 | D:1      | 498 ||| DROPPING scroll of butterflies.
   554 | D:2      | 554 ||| FLEEEEING.
   555 | D:2      | 555 ||| FLEEEEING.
   556 | D:2      | 556 ||| FLEEEEING.
   557 | D:2      | 557 ||| FLEEEEING.
   558 | D:2      | 558 ||| FLEEEEING.
   559 | D:2      | 559 ||| STAIRDANCE
   602 | D:2      | Reached skill level 1 in Armour
   652 | D:2      | Reached XP level 3. HP: 21/21 MP: 3/3
   741 | D:2      | Reached skill level 5 in Ranged Weapons
   924 | D:2      | Reached XP level 4. HP: 27/27 MP: 4/4
  1144 | D:2      | 1144 ||| UPGRADING to +0 pair of boots.
  1149 | D:2      | 1149 ||| UPGRADING to +4 ring of protection.
  1150 | D:2      | 1150 ||| DRINKING 3 sedimented pink potions.
  1187 | D:3      | Reached skill level 3 in Fighting
  1381 | D:3      | Noticed Jessica
  1387 | D:3      | Killed Jessica
  1388 | D:3      | 1388 ||| FLEEEEING.
  1389 | D:3      | 1389 ||| FLEEEEING.
  1390 | D:3      | 1390 ||| FLEEEEING.
  1646 | D:3      | Noticed Ijyb
  1648 | D:3      | 1648 ||| FLEEEEING.
  1649 | D:3      | 1649 ||| FLEEEEING.
  1655 | D:3      | 1655 ||| FLEEEEING.
  1656 | D:3      | 1656 ||| FLEEEEING.
  1657 | D:3      | 1657 ||| FLEEEEING.
  1658 | D:3      | 1658 ||| FLEEEEING.
  1659 | D:3      | 1659 ||| FLEEEEING.
  1660 | D:3      | 1660 ||| FLEEEEING.
  1661 | D:3      | 1661 ||| FLEEEEING.
  1670 | D:3      | Killed from afar by Ijyb

Levels and vault maps discovered:
D:1:      dpeg_arrival_long_road, layout_basic,
          shapermc_ecumenical_altar_mp_ritualfount, serial_shops, shop, shop,
          nicolae_shop_temple_entry_statues_fountains
D:2:      layout_basic
D:3:      layout_basic, mainiacjoe_overflow_alcove_2, uniq_jessica, uniq_ijyb

Skill      XL: |  1  2  3  4 |
---------------+-------------+-----
Armour         | 1 |  1.0
Ranged Weapons | 5 |  5.5
Fighting       | 3 |  3.0
Dodging        | |  1.5
Stealth        | |  1.1

Action                     |  1- 3 |  4- 6 || total
---------------------------+-------+-------++-------
   Fire: Shortbow          |    77 |    72 ||   149
    Use: Scroll            |     3 |       ||     3
         Potion            |       |     1 ||     1
 Armour: Ring mail         |     7 |    21 ||    28
  Dodge: Dodged            |    10 |    15 ||    25

Table legend:
 A = Non-vault XP
 B = Vault XP
 C = Vault XP percentage of total XP
 D = Non-vault monster count
 E = Vault monster count
 F = Vault count percentage of total count
                 A         B        C        D         E       F
            +---------+---------+-------+---------+---------+-------
      Total |     116 |      37 |  24.2 |      46 |       1 |   2.1
            +---------+---------+-------+---------+---------+-------
        D:1 |      15 |       0 |   0.0 |       8 |       0 |   0.0
        D:2 |      70 |       0 |   0.0 |      23 |       0 |   0.0
        D:3 |      31 |      37 |  54.4 |      15 |       1 |   6.2
            +---------+---------+-------+---------+---------+-------
